 Dungeon Crawl Stone Soup version 0.28-a0-674-gdaf460b524 (webtiles) character file.

Game seed: 15588486282777951366

190 siradein the Ducker (level 5, -4/61 HPs)
             Began as a Demonspawn Gladiator on Oct 18, 2021.
             Slain by a mummy (13 damage)
             ... in an ossuary.
             The game lasted 00:06:58 (3369 turns).

siradein the Ducker (Demonspawn Gladiator)          Turns: 3369, Time: 00:06:59

Health: -4/61      AC: 29    Str: 14    XL:     5   Next: 41%
Magic:  5/5        EV:  2    Int:  9    God:
Gold:   76         SH:  0    Dex: 18    Spells: 4/4 levels left

rFire   . . .      SeeInvis .   p - +2 trident (protect)
rCold   + . .      Faith    .   (no shield)
rNeg    . . .      Spirit   .   (armour currently unavailable)
rPois   +          Reflect  .   (helmet currently unavailable)
rElec   .          Harm     .   (cloak currently unavailable)
rCorr   .          Rampage  .   (gloves currently unavailable)
Will    .....      NoTele   +   (boots currently unavailable)
Stlth   +++.......              (no amulet)
HPRegen 0.20/turn               a - ring of protection from cold
MPRegen 0.09/turn               (no ring)

@: tree-form, under a protective aura
A: stationary, stasis, torment immunity, boosted hp, thin skeletal structure 1,
foul stench 1
a: no special abilities


You were in an ossuary.
You were a tree.
You visited 1 branch of the dungeon, and saw 4 of its levels.
You also visited: Ossuary.

You collected 76 gold pieces.

Inventory:

Hand Weapons
 p - a +2 trident of protection (weapon)
Missiles
 d - 2 throwing nets
 m - 3 silver boomerangs
 n - a boomerang (quivered)
Armour
 c - a +0 helmet (melded)
 f - a +0 pair of gloves (melded)
 k - a +0 ring mail (melded)
Jewellery
 a - a ring of protection from cold (left branch)
 h - a ring of ice
Scrolls
 b - a scroll of identify {unknown}
 i - a scroll of fog
 o - a scroll of immolation {unknown}
Potions
 g - 3 potions of curing
 j - 2 potions of ambrosia {unknown}
 l - a potion of resistance {unknown}
 q - a potion of invisibility {unknown}
 r - a potion of flight {unknown}


   Skills:
 + Level 3.3 Fighting
 + Level 3.6 Polearms
 + Level 3.0 Throwing
 + Level 3.6 Dodging


You had 4 spell levels left.
You didn't know any spells.
Your spell library contained the following spells:

 Spells                   Type           Power      Damage    Failure   Level
 Summon Forest            Summ/Tloc      0%         N/A       100%        5
 Eringya's Noxious Bog    Tmut/Pois      0%         N/A       100%        6
 Summon Hydra             Summ           0%         N/A       100%        7


Dungeon Overview and Level Annotations

Branches:
Dungeon (4/15)            Ossuary (1/1)
 Temple: D:4-7

Altars:
Ashenzari
Cheibriados
Gozag
Ru


Innate Abilities, Weirdness & Mutations

You are a tree.
Your roots penetrate the ground, keeping you stationary.
You cannot be teleported.
You are immune to unholy pain and torment.
Your maximum health is greatly increased.
Your equipment is partially melded.
You have a somewhat thin skeletal structure. (Dex +2, Stealth+)
You may rarely emit foul miasma when damaged in melee.


Message History

The mummy hits you! The mummy barely misses you.
You hit the mummy.
The mummy is lightly damaged.
The mummy hits you but does no damage. The mummy hits you.
You hit the mummy.
The mummy is moderately damaged.
The orc zombie hits you but does no damage.
The mummy hits you but does no damage. The mummy hits you! The mummy hits you.
The mummy hits you!
* * * LOW HITPOINT WARNING * * *
The mummy hits you.
* * * LOW HITPOINT WARNING * * *
The orc zombie barely misses you.
An orc zombie comes into view.
The mummy hits you.
* * * LOW HITPOINT WARNING * * *
A mummy comes into view.
A mummy comes into view.
It was a potion of lignification.
You turn into a tree.
Your +0 helmet melds into your body.
Your +0 pair of gloves melds into your body.
Your +0 ring mail melds into your body.
Your roots penetrate the ground.
The mummy hits you but does no damage.
You hit the mummy.
Your weapon exudes an aura of protection.
The mummy is lightly damaged.
You barely miss the mummy.
The mummy is lightly damaged.
The mummy hits you but does no damage.
You hit the mummy.
The mummy is lightly damaged.
You hit the mummy.
The mummy is moderately damaged.
The mummy hits you but does no damage.
You are too injured to fight recklessly!
You are too injured to fight recklessly!
You hit the mummy.
The mummy is heavily damaged.
The mummy hits you!
You die...

######### ##.......
##......####
#...M..##..## .....
#.♣M..##....##.....
#..MZ..............
##.Z.............
##.............
#+##M.......#
##MM....# ##....##
#....# #....#


You could see 6 mummies and 2 orc zombies.

Vanquished Creatures
  A scorpion (D:2)
  A centaur skeleton (D:4)
  4 adders
  A worm (D:2)
  A dart slug (D:1)
  5 orcs (D:3)
  7 endoplasms
  A giant cockroach (D:3)
  8 goblins
  A hobgoblin (D:1)
  6 jackals
  4 kobolds
  4 quokkas (D:1)
  A ball python (D:1)
  2 bats (D:1)
  3 frilled lizards
  A hobgoblin zombie (Ossuary)
  A kobold zombie (Ossuary)
  4 orc zombies (Ossuary)
  7 rats
63 creatures vanquished.

Notes
Turn   | Place    | Note
-------+----------+-------------------------------------------
     0 | D:1      | siradein the Demonspawn Gladiator began the quest for the
                  | Orb.
     0 | D:1      | Reached XP level 1. HP: 16/16 MP: 1/1
   428 | D:1      | Gained mutation: You may rarely emit foul miasma when
                  | damaged in melee. [demonic ancestry]
   428 | D:1      | Reached XP level 2. HP: 22/22 MP: 2/2
   688 | D:1      | Reached XP level 3. HP: 22/28 MP: 3/3
  1340 | D:2      | Noticed a scorpion
  1351 | D:2      | Killed a scorpion
  1352 | D:2      | Reached XP level 4. HP: 12/34 MP: 4/4
  1929 | D:2      | Found a faded altar of an unknown god.
  2308 | D:3      | Found a snail-covered altar of Cheibriados.
  2308 | D:3      | Found an opulent altar of Gozag.
  2309 | D:3      | Found a sacrificial altar of Ru.
  2309 | D:3      | Found a broken altar of Ashenzari.
  2705 | D:3      | Gained mutation: You have a somewhat thin skeletal
                  | structure. (Dex +2, Stealth+) [demonic ancestry]
  2705 | D:3      | Reached XP level 5. HP: 40/41 MP: 5/5
  3232 | D:4      | Found a sand-covered staircase.
  3286 | Ossuary  | Entered an ossuary
  3369 | Ossuary  | Slain by a mummy

Illustrated notes

Levels and vault maps discovered:
D:1:      psy_arrival_basics, layout_basic
D:2:      layout_basic, chequers_ecumenical_altar_simple
D:3:      layout_loops_corners, chequers_temple_overflow_statue_of_worship
D:4:      minmay_wonky_spiral, layout_basic, nicolae_sif_muna_condensation,
          minmay_temple_entry_glass, nicolae_ossuary_entry_ruins,
          biasface_ghost_orc_armoury, minmay_cut_off
Ossuary:  ossuary_tomb_3

Skill      XL: |  1  2  3  4  5 |
---------------+----------------+-----
Throwing       | 2 3 |  3.0
Dodging        | 3 |  3.6
Polearms       | 3 |  3.6
Fighting       | 3 |  3.3

Action                   |  1- 3 |  4- 6 || total
-------------------------+-------+-------++-------
Melee: Trident           |   104 |   114 ||   218
Throw: Throwing net      |     1 |       ||     1
  Use: Potion            |       |     2 ||     2
       Scroll            |       |     1 ||     1
 Stab: Sleeping          |       |     2 ||     2
Armor: Leather armour    |    27 |       ||    27
       Ring mail         |     2 |    29 ||    31
       Skin              |       |     3 ||     3
Dodge: Dodged            |    46 |    45 ||    91

Table legend: (Time is in decaauts)
 A = Elapsed time spent in this place.
 B = Non-inter-level travel time spent in this place.
 C = Inter-level travel time spent in this place.
 D = Time resting spent in this place.
 E = Time spent auto-exploring this place.
 F = Levels seen in this place.
 G = Mean time per level.
                   A        B        C        D        E       F      G
               +--------+--------+--------+--------+--------+-----+--------+
         Total |   3398 |   3304 |     94 |     47 |   2585 |   5 |  679.6 |
       Dungeon |   3312 |   3218 |     94 |     47 |   2559 |   4 |  828.0 |
       Ossuary |     85 |     85 |      0 |      0 |     26 |   1 |   85.0 |
               +--------+--------+--------+--------+--------+-----+--------+

Top non-repeatable levels by time:
     D:1: 1212 daAuts
     D:2: 1112 daAuts
     D:3: 884 daAuts
     D:4: 102 daAuts
 Ossuary: 85 daAuts
